 Dungeon Crawl Stone Soup version 0.31.0-9-g3a7656b989 (webtiles) character file.

Game seed: 17573394774356475478

345 GordonOverkill the Chopper (level 6, -3/48 HPs)
             Began as a Minotaur Alchemist on Jan 30, 2024.
             Was an Initiate of Qazlal.
             Killed from afar by an orc wizard (6 damage)
             ... with a magic dart
             ... on level 4 of the Dungeon.
             The game lasted 00:05:28 (4493 turns).

GordonOverkill the Chopper (Minotaur Alchemist)     Turns: 4493, Time: 00:05:28

Health: -3/48      AC:  9    Str: 13 (15) XL:     6   Next: 32%
Magic:  7/7        EV:  6    Int:  9 (12) God:    Qazlal [......]
Gold:   171        SH:  0    Dex:  9 (10) Spells: 6/7 levels left

rFire   . . .        l - +0 hand axe
rCold   . . .        (no shield)
rNeg    . . .        m - +0 chain mail
rPois   .            (helmet restricted)
rElec   .            (no cloak)
rCorr   .            (no gloves)
SInv    .            d - +0 pair of boots
Will    .....        (no amulet) Stlth
                     (no ring)
HPRegen 0.28/turn    (no ring)
MPRegen 0.10/turn

%: no passive effects
@: about to teleport
A: horns 2, retaliatory headbutt
a: Renounce Religion


You were on level 4 of the Dungeon.
You worshipped Qazlal.
Qazlal was noncommittal.
You visited 2 branches of the dungeon, and saw 5 of its levels.

You collected 171 gold pieces.

Inventory:

Hand Weapons
 i - a +0 trident
 l - a +0 hand axe (weapon)
Missiles
 g - 5 poisoned darts (quivered)
 k - 4 boomerangs
Armour
 d - a +0 pair of boots (worn)
 m - a +0 chain mail (worn)
Wands
 a - a wand of paralysis (3)
Scrolls
 c - a scroll of fog {unknown}
 e - 3 scrolls of teleportation
 f - a scroll of fear {unknown}
 j - a scroll of revelation {unknown}
Potions
 b - 4 potions of magic


   Skills:
 - Level 2.0 Fighting
 + Level 7.3 Axes
 - Level 2.1 Dodging
 - Level 1.5 Stealth
 - Level 1.3 Spellcasting
 - Level 0.6 Conjurations
 - Level 2.1 Alchemy


You had 6 spell levels left.
You knew the following spells:

 Your Spells              Type           Power      Damage    Failure   Level
a - Sting                 Conj/Alch      12%        1d3       99%         1

Your spell library contained the following spells:

 Spells                   Type           Power      Damage    Failure   Level
 Apportation              Tloc           0%         N/A       100%        1
 Necrotise                Necr           0%         1d4       100%        1
 Slow                     Hex            0%         N/A       100%        1
 Summon Small Mammal      Summ           0%         N/A       100%        1
 Mercury Vapours          Alch/Air       4%         N/A       100%        2
 Static Discharge         Conj/Air       2%         3-4/arc   100%        2
 Confusing Touch          Hex            0%         N/A       100%        3
 Mephitic Cloud           Conj/Alch/Air  2%         N/A       100%        3
 Sigil of Binding         Hex            0%         N/A       100%        3
 Vampiric Draining        Necr           0%         2d6       100%        3
 Airstrike                Air            0%         2d(0-16)  100%        4
 Olgreb's Toxic Radiance  Alch           4%         N/A       100%        4
 Sticky Flame             Fire/Alch      2%         2d4       100%        4
 Summon Lightning Spire   Summ/Air       0%         N/A       100%        4


Dungeon Overview and Level Annotations

Branches:
Dungeon (4/15)             Temple (1/1) D:4

Altars:
Ashenzari
Cheibriados
Dithmenos
Elyvilon
Fedhas
Gozag
Hepliaklqana
Kikubaaqudgha
Makhleb
Nemelex Xobeh
Okawaru
Qazlal
Ru
Trog
Uskayaw
Vehumet
Wu Jian
Xom
Yredelemnul
Zin
The Shining One


Innate Abilities, Weirdness & Mutations

You have a pair of horns on your head.
You reflexively headbutt those who attack you in melee.


Message History

Qazlal accepts your kill.
The orc priest hits you from afar with a +0 trident.
You hit something. The orc priest closely misses you.
Something hits you but does no damage.
You hit something but do no damage. You headbutt something.
The orc priest barely misses you. Something hits you but does no damage.
You miss something.
The orc priest invokes the aid of Beogh against you.
Beogh smites you!
* * * LOW HITPOINT WARNING * * *
The orc priest completely misses you. Something hits you.
* * * LOW HITPOINT WARNING * * *
Things that are here:
a +0 short sword; a +0 leather armour You closely miss the orc priest.
You closely miss something.
The orc priest hits you with a +0 trident!
* * * LOW HITPOINT WARNING * * *
Something hits you.
* * * LOW HITPOINT WARNING * * *
It was a potion of degeneration.
There was something very wrong with that liquid.
You feel weakened.
You feel dopey.
You feel clumsy.
The orc priest hits you with a +0 trident.
* * * LOW HITPOINT WARNING * * *
Something hits you.
* * * LOW HITPOINT WARNING * * *
As you read the scroll labelled EGOHAID BUGIPT, it crumbles to dust.
You feel strangely unstable.
It was a scroll of teleportation.
The orc priest barely misses you. You furiously retaliate!
You headbutt the orc priest. Something hits you.
* * * LOW HITPOINT WARNING * * *
The orc priest hits you with a +0 trident!
* * * LOW HITPOINT WARNING * * *
You hear some strange, mumbled words.
Something tries to affect you, but you resist.
The orc priest hits you from afar with a +0 trident.
* * * LOW HITPOINT WARNING * * *
A magic dart appears from out of thin air!
The magic dart hits you.
You die...

####..~~~~P~P~≈≈
#.....♣~P~~~P~~≈
#.....~P~~~~~P≈≈
####.....♣~~~P~~≈~≈
###.....<..♣♣~~♣~~P~≈
#♣...P.......~~~~~~~~≈
♣..~~~~♣....)..♣♣♣P♣~~
##♣♣.♣~♣~~~.♣...o...PP♣
#P).~~~~~♣....@.).....♣
#P.♣~~~~♣.♣..P##({....#
P...♣~♣.~..P.###.....##
.....♣....P### #.....#
#P..P..P######....##
#####.......#.....#
#.#####.#<...##
#.#.#≈####...#
#.#.#≈≈≈##...#


You could see an orc priest.

Vanquished Creatures
  An ice beast (D:3)
  A scorpion (D:3)
  Natasha (thrice) (D:2)
  4 adders
  3 dart slugs
  2 ribbon worms
  4 orcs
  6 bats
  7 endoplasms
  3 giant cockroaches
  5 goblins
  2 hobgoblins (D:4)
  15 jackals
  2 quokkas
  5 ball pythons
  2 frilled lizards
  2 kobolds
  3 rats
70 creatures vanquished.

Notes
Turn   | Place    | Note
-------+----------+-------------------------------------------
     0 | D:1      | GordonOverkill the Minotaur Alchemist began the quest for
                  | the Orb.
     0 | D:1      | Reached XP level 1. HP: 14/14 MP: 1/1
    52 | D:1      | Reached skill level 1 in Fighting
   219 | D:1      | Reached XP level 2. HP: 17/24 MP: 3/3
   291 | D:1      | Reached skill level 1 in Axes
  1280 | D:2      | Reached skill level 2 in Axes
  1297 | D:2      | Reached XP level 3. HP: 24/29 MP: 4/4
  1310 | D:2      | Reached skill level 3 in Axes
  1356 | D:2      | Noticed Natasha
  1370 | D:2      | Killed Natasha
  1371 | D:2      | Reached XP level 4. HP: 20/36 MP: 5/5
  1527 | D:2      | Reached skill level 4 in Axes
  1597 | D:2      | Noticed Natasha
  1609 | D:2      | Killed Natasha
  1764 | D:2      | Noticed Natasha
  1780 | D:2      | Killed Natasha
  1781 | D:2      | Reached skill level 5 in Axes
  2008 | D:2      | Found a faded altar of an unknown god.
  2027 | D:2      | Reached XP level 5. HP: 41/41 MP: 6/6
  2455 | D:3      | Reached skill level 6 in Axes
  3046 | D:3      | Noticed an ice beast
  3472 | D:3      | Killed an ice beast
  3473 | D:3      | Reached skill level 7 in Axes
  3473 | D:3      | Reached XP level 6. HP: 27/48 MP: 7/7
  3863 | D:4      | Found a staircase to the Ecumenical Temple.
  3876 | Temple   | Entered the Ecumenical Temple
  3921 | Temple   | Became a worshipper of Qazlal Stormbringer
  4493 | D:4      | Killed from afar by an orc wizard

Illustrated notes

Levels and vault maps discovered:
D:1:      wander_arrival_chamber, layout_basic
D:2:      layout_basic, dreamdust_ecumenical_altar_hidden_monk_grotto,
          nicolae_figureground_sparkle, uniq_natasha
D:3:      layout_basic
D:4:      layout_basic, minmay_temple_entry_large_hall, serial_bayou,
          serial_bayou_pond_a, serial_bayou_shore_b, serial_bayou_lake_a,
          serial_bayou_shore_a, serial_shops, shop,
          chequers_serial_rivers_small_3
Temple:   minmay_crystal_snake_temple

Skill      XL: |  1  2  3  4  5 |
---------------+----------------+-----
Fighting       | 2 |  2.0
Axes           | 2 3 5 7 |  7.3
Dodging        | |  2.1
Stealth        | |  1.5
Spellcasting   | |  1.3
Conjurations   | |  0.6
Alchemy        | |  2.1

Action                     |  1- 3 |  4- 6 || total
---------------------------+-------+-------++-------
  Melee: Unarmed           |    34 |       ||    34
         Headbutt          |    11 |    32 ||    43
         Punch             |     1 |       ||     1
         Whip              |    45 |    73 ||   118
         Staff             |    13 |       ||    13
         Trident           |       |    14 ||    14
         Hand axe          |       |    47 ||    47
   Cast: Sting             |     1 |       ||     1
  Evoke: Wand              |       |     1 ||     1
    Use: Potion            |     1 |     4 ||     5
         Scroll            |       |     1 ||     1
   Stab: Sleeping          |     2 |       ||     2
         Paralysed         |       |     4 ||     4
 Armour: Robe              |    31 |       ||    31
         Ring mail         |    68 |    61 ||   129
         Chain mail        |       |    43 ||    43
  Dodge: Dodged            |    96 |    37 ||   133
